 Dungeon Crawl Stone Soup version 0.31-a0-879-g1609e0ac53 (webtiles) character file.

Game seed: 7498413064160679881

2604100 D12ThenQuit the Merry Octopus (level 27, 224/224 HPs)
             Began as an Octopode Artificer on Oct 11, 2023.
             Was a High Priest of Okawaru.
             Escaped with the Orb
             ... and 4 runes on Oct 15, 2023!
             The game lasted 03:15:12 (58646 turns).

D12ThenQuit the Merry Octopus (Octopode Artificer) Turns: 58646, Time: 03:15:12

Health: 224/224    AC:  3    Str:  9    XL:     27
Magic:  28/28      EV: 55    Int: 17    God:    Okawaru [*****.]
Gold:   946        SH:  0    Dex: 36    Spells: 15/36 levels left

rFire   + + +        b - +8 longbow "Zephyr" {speed, Dex+3 SInv}
rCold   + + +        (shield currently unavailable)
rNeg    . . .        A - +2 hat of the Bear Spirit {Spirit, Bear, *Rage Will++}
rPois   +            s - amulet "Caaggor" {RegenMP rF+ Regen+ Dex+3}
rElec   +            h - ring "Kiari" {rF+ Will+ Str-4 SInv}
rCorr   .            Y - +6 ring of dexterity
SInv    +            i - +6 ring of dexterity
Will    +++++        T - ring of wizardry
Stlth   +++          l - ring of poison resistance
HPRegen 1.37/turn    W - +5 ring of evasion
MPRegen 0.61/turn    Q - ring "Tucsiv" {rElec rC+++ Will+ Dex-5 Slay+3}
                     U - ring of Asceticism {rF+ Slay+3}

%: random rage (23%), guardian spirit, wizardry (x1)
@: studying Maces & Flails
A: almost no armour, amphibious, 8 rings, camouflage 1, gelatinous body 1,
(nimble swimmer 1), tentacles, antennae 1, agile 1, berserk 1, low MP 1, subdued
magic 2
0: Orb of Zot
}: 4/15 runes: serpentine, barnacled, slimy, silver
a: Renounce Religion, Heroism, Finesse, Duel


You escaped.
You worshipped Okawaru.
Okawaru was extremely pleased with you.
You visited 11 branches of the dungeon, and saw 53 of its levels.
You visited 1 bazaar.
You also visited: Ice Cave.

You collected 7621 gold pieces.
You spent 6675 gold pieces at shops.

Inventory:

Hand Weapons
 a - a +9 dagger of freezing
 b - the +8 longbow "Zephyr" (weapon) {speed, Dex+3 SInv}
   (You found it on level 5 of the Dungeon)

   Dex+3:     It affects your dexterity (+3).
   SInv:      It lets you see invisible.
 G - the +8 shortbow of Disarray {antimagic, rN+ Dex+3}
   (You found it on level 5 of the Vaults)

   Dex+3:     It affects your dexterity (+3).
   rN+:       It protects you from negative energy.
Armour
 A - the +2 hat of the Bear Spirit (worn) {Spirit, Bear, *Rage Will++}
   (You acquired it on level 4 of the Snake Pit)

   Bear:      Going berserk makes the wearer exceptionally tough, and they are
   slowed for a shorter time afterward.
   Will++:    It greatly increases your willpower.
   *Rage:     It berserks you when you make melee attacks (+20% chance).
 L - the +0 hat of the Dungeon {rF+ SInv}
   (Okawaru gifted it to you on level 2 of the Vaults)

   rF+:       It protects you from fire.
   SInv:      It lets you see invisible.
Jewellery
 h - the ring "Kiari" (left tentacle) {rF+ Will+ Str-4 SInv}
   (You bought it in a shop in a bazaar)

   [ring of protection from fire]

   Str-4:     It affects your strength (-4).
   rF+:       It protects you from fire.
   Will+:     It increases your willpower.
   SInv:      It lets you see invisible.
 i - a +6 ring of dexterity (on tentacle)
 k - the ring "Leiresot" {rElec rN+ MP+9}
   (You bought it in a shop in a bazaar)

   [ring of magical power]

   rElec:     It insulates you from electricity.
   rN+:       It protects you from negative energy.
   MP+9:      It affects your magic capacity (+9).
 l - a ring of poison resistance (on tentacle)
 s - the amulet "Caaggor" (around mantle) {RegenMP rF+ Regen+ Dex+3}
   (You bought it in a shop on level 4 of the Shoals)

   [amulet of magic regeneration]

   RegenMP:   It increases your rate of magic regeneration.
   Dex+3:     It affects your dexterity (+3).
   rF+:       It protects you from fire.
   Regen+:    It increases your rate of health regeneration.
 u - a ring of protection from cold
 Q - the ring "Tucsiv" (on tentacle) {rElec rC+++ Will+ Dex-5 Slay+3}
   (You bought it in a shop on level 1 of the Depths)

   [ring of willpower]

   Dex-5:     It affects your dexterity (-5).
   Slay+3:    It affects your accuracy & damage with ranged weapons and melee
   (+3).
   rC+++:     It renders you almost immune to cold.
   rElec:     It insulates you from electricity.
   Will+:     It increases your willpower.
 T - a ring of wizardry (on tentacle)
 U - the ring of Asceticism (on tentacle) {rF+ Slay+3}
   (You bought it in a shop on level 2 of the Depths)

   [ring of protection from fire]

   Slay+3:    It affects your accuracy & damage with ranged weapons and melee
   (+3).
   rF+:       It protects you from fire.
 V - a ring of willpower
 W - a +5 ring of evasion (on tentacle)
 X - the ring of Iceuv {rF+ rCorr Str+3}
   (You took it off a deep elf knight on level 3 of the Elven Halls)

   [ring of resist corrosion]

   Str+3:     It affects your strength (+3).
   rF+:       It protects you from fire.
   rCorr:     It protects you from acid and corrosion.
 Y - a +6 ring of dexterity (right tentacle)
Wands
 q - a wand of quicksilver (21)
 v - a wand of digging (26)
 y - a wand of paralysis (58)
 E - a wand of polymorph (24)
 F - a wand of iceblast (30)
 I - a wand of mindburst (27)
Scrolls
 c - 6 scrolls of fear
 e - 6 scrolls of vulnerability
 m - 4 scrolls of amnesia
 p - 11 scrolls of fog
 C - 5 scrolls of immolation
 H - 2 scrolls of revelation
 J - 3 scrolls of silence
 K - 8 scrolls of poison
 R - 20 scrolls of teleportation
 Z - 4 scrolls of blinking
Potions
 d - a potion of invisibility
 f - 4 potions of enlightenment
 g - 4 potions of cancellation
 j - 4 potions of magic
 n - 17 potions of curing
 o - 7 potions of ambrosia
 r - 13 potions of heal wounds
 t - 14 potions of brilliance
 w - 12 potions of might
 z - 6 potions of mutation
 B - 7 potions of berserk rage
 O - 6 potions of resistance
 P - 5 potions of haste
Miscellaneous
 M - a phial of floods
 N - a condenser vane


   Skills:
 O Level 27 Fighting
 - Level 8.4 Short Blades
 O Level 27 Ranged Weapons
 + Level 26.3 Dodging
 - Level 10.0 Stealth
 - Level 5.0 Spellcasting
 - Level 2.0 Conjurations
 - Level 5.6 Hexes
 - Level 11.4 Translocations
 - Level 2.0 Air Magic
 - Level 3.0 Poison Magic
 - Level 12.0 Invocations
 - Level 6.0 Evocations


You had 15 spell levels left.
You knew the following spells:

 Your Spells              Type           Power      Damage    Failure   Level
a - Blink                 Tloc           54%        N/A       1%          2
b - Mephitic Cloud        Conj/Pois/Air  7%         N/A       4%          3
c - Dispersal             Tloc           13%        N/A       6%          6
d - Passwall              Tmut/Erth      1%         N/A       6%          2
e - Dimensional Bullseye  Hex/Tloc       10%        N/A       1%          4
f - Passage of Golubria   Tloc           27%        N/A       1%          4

Your spell library contained the following spells:

 Spells                   Type           Power      Damage    Failure   Level
 Apportation              Tloc           54%        N/A       1%          1
 Magic Dart               Conj           24%        1d4       1%          1
 Shock                    Conj/Air       24%        1d4       1%          1
 Slow                     Hex            56%        N/A       1%          1
 Sting                    Tmut/Pois      20%        1d4       1%          1
 Ensorcelled Hibernation  Hex/Ice        16%        N/A       1%          2
 Jinxbite                 Hex            28%        N/A       1%          2
 Lesser Beckoning         Tloc           54%        N/A       1%          2
 Momentum Strike          Conj/Tloc      32%        3d8       1%          2
 Poisonous Vapours        Pois/Air       14%        N/A       1%          2
 Confusing Touch          Hex            14%        N/A       1%          3
 Gell's Gravitas          Tloc           27%        N/A       1%          3
 Sigil of Binding         Hex            14%        N/A       1%          3
 Teleport Other           Tloc           27%        N/A       1%          3
 Volatile Blastmotes      Fire/Tloc      28%        2d12      1%          3
 Cigotuvi's Dreadful Rot  Necr/Pois/Air  12%        N/A       2%          2
 Searing Ray              Conj           12%        2d4       2%          2
 Static Discharge         Conj/Air       12%        2-3/arc   2%          2
 Dazzling Flash           Conj/Hex       20%        N/A       2%          3
 Iskenderun's Mystic Bla  Conj/Tloc      16%        2d5       2%          4
 Vhi's Electric Charge    Tloc/Air       32%        N/A       2%          4
 Necrotise                Necr           8%         1d4       4%          1
 Inner Flame              Hex/Fire       8%         N/A       4%          3
 Cause Fear               Hex            7%         N/A       4%          4
 Swiftness                Air            6%         N/A       5%          3
 Scorch                   Fire           4%         2d5       6%          2
 Wereblood                Tmut           2%         N/A       6%          2
 Hailstorm                Conj/Ice       4%         3d4       9%          3
 Ignite Poison            Fire/Tmut/Pois 4%         N/A       9%          3
 Fulminant Prism          Conj/Hex       5%         3d7       9%          4
 Vampiric Draining        Necr           2%         2d6       12%         3
 Olgreb's Toxic Radiance  Pois           9%         N/A       12%         4
 Anguish                  Hex/Necr       4%         N/A       13%         4
 Airstrike                Air            3%         2d(1-17)  19%         4
 Silence                  Hex/Air        5%         N/A       26%         5
 Flame Wave               Conj/Fire      4%         2d5       28%         4
 Sticky Flame             Conj/Fire      4%         2d3       28%         4
 Dispel Undead            Necr           2%         3d7       38%         4
 Arcjolt                  Conj/Air       3%         1d13      45%         5
 Iskenderun's Battlesphe  Conj           6%         2d6       45%         5
 Alistair's Intoxication  Tmut/Pois      3%         N/A       54%         5
 Freezing Cloud           Conj/Ice/Air   2%         6-21      58%         5
 Fireball                 Conj/Fire      2%         3d4       61%         5
 Agony                    Necr           2%         N/A       75%         5
 Lee's Rapid Deconstruct  Erth           1%         3d4*      75%         5
 Disjunction              Tloc           13%        N/A       95%         8
 Conjure Ball Lightning   Conj/Air       3%         3x3d6     96%         6
 Eringya's Noxious Bog    Tmut/Pois      2%         4d6       98%         6
 Enfeeble                 Hex            7%         N/A       98%         7
 Bombard                  Conj/Erth      2%         9d1       99%         6
 Plasma Beam              Fire/Air       2%         2x1d12    99%         6
 Starburst                Conj/Fire      2%         6d3       99%         6
 Discord                  Hex            7%         N/A       100%        8
 Ignition                 Fire           1%         3d3       100%        8
 Lehudib's Crystal Spear  Conj/Erth      2%         10d2      100%        8
 Maxwell's Capacitive Co  Air            3%         ∞         100%        8
 Chain Lightning          Conj/Air       3%         3d4       100%        9
 Fire Storm               Conj/Fire      2%         8d1       100%        9
 Shatter                  Erth           1%         3d5*      100%        9
 Summon Small Mammal      Summ           Unusable   N/A       N/A         1
 Call Canine Familiar     Summ           Unusable   N/A       N/A         3
 Summon Lightning Spire   Summ/Air       Unusable   N/A       N/A         4
 Animate Armour           Summ/Erth      Unusable   N/A       N/A         4
 Malign Gateway           Summ/Tloc      Unusable   N/A       N/A         7
 Death Channel            Necr           Unusable   N/A       N/A         6
 Spellforged Servitor     Conj/Summ      Unusable   N/A       N/A         7
 Dragon's Call            Summ           Unusable   N/A       N/A         9

Dungeon Overview and Level Annotations

Branches:
Dungeon (15/15)            Temple (1/1) D:7            Lair (5/5) D:9
 Shoals (4/4) Lair:3        Snake (4/4) Lair:2        Slime (5/5) Lair:5
    Orc (2/2) D:12            Elf (3/3) Orc:2        Vaults (5/5) D:14
  Crypt (0/3) Vaults:2     Depths (4/4) D:15            Zot (5/5) Depths:4
  IceCv (visited)

Altars:
Ashenzari
Cheibriados
Dithmenos
Elyvilon
Fedhas
Gozag
Hepliaklqana
Kikubaaqudgha
Makhleb
Nemelex Xobeh
Okawaru
Qazlal
Ru
Sif Muna
Trog
Uskayaw
Vehumet
Wu Jian
Xom
Yredelemnul
Zin
The Shining One
Jiyva
Lugonu

Shops:
D:2 :   D:6 [*!   D:7 :   Orc:2 !*[*   Elf:1 [   Elf:3 [![   Shoals:2 (*?
Shoals:4 =   Vaults:2 [   Vaults:5 =[   Depths:1 *::=   Depths:2 =?=:

Portals:
Hell: Depths:1 Depths:2 Depths:3 Depths:4
Abyss: D:5 Depths:3
Pandemonium: Depths:1 Depths:2
Ziggurat: Depths:1

Annotations:
D:1 exclusion: gnoll
D:2 Sigmund
D:4 exclusion: ogre
D:5 2 runed translucent doors
D:6 3 runed translucent doors, avis's ghost, novice FeAr
D:8 exclusion: centaur
Zot:5 2 runed translucent doors, greenreed's ghost, veteran MiBe


Innate Abilities, Weirdness & Mutations

You cannot wear most types of armour.
You are amphibious.
You can wear up to eight rings at the same time.
Your skin changes colour to match your surroundings (Stealth+).
Your rubbery body absorbs attacks. (AC +1, EV +1)
((You are camouflaged when in or above water. (Stealth+)))
You have tentacles for arms and can constrict up to eight enemies at once.
You have a pair of small antennae on your head.
You are agile. (Dex +4, Str/Int -1)
You sometimes lose your temper in combat.
Your magical capacity is low. (-10% MP)
Your spells are easier to cast, but less powerful.


Message History

No target in view!
There is an open door here.
There is an open door here.
You see here a +0 club.
A lorocyproca comes into view.
The lorocyproca moves out of view.
There is an open door here.
You shoot an arrow. The arrow hits the lorocyproca!
The lorocyproca is lightly wounded.
You shoot an arrow. The arrow hits the lorocyproca.
The lorocyproca is moderately wounded.
You shoot an arrow. The arrow hits the lorocyproca!
The lorocyproca is heavily wounded.
You shoot an arrow. The arrow hits the lorocyproca!!!
You kill the lorocyproca!
Okawaru accepts your kill.
No target in view!
No target in view!
There is an open door here.
A Brimstone Fiend comes into view.
You shoot an arrow. The arrow hits the Brimstone Fiend.
The Brimstone Fiend is lightly wounded.
You shoot an arrow. The arrow hits the Brimstone Fiend!!
The Brimstone Fiend is moderately wounded.
You shoot an arrow. The arrow hits the Brimstone Fiend!!
The Brimstone Fiend is heavily wounded.
You shoot an arrow. The arrow hits the Brimstone Fiend!!!
You kill the Brimstone Fiend!
Okawaru accepts your kill.
No target in view!
No target in view!
There is an open door here.
There is an open door here.
There is an open door here.
You see here 9 stones.
There is an open door here.
There is an open door here.
There is an open door here.
There is a staircase leading out of the dungeon here.
You have escaped!

.####...♣#....#♣♣♣♣...#....# .#
#♣..♣##....# ♣♣..##.### ##
#..♣♣#.....#### ♣♣..#.# ♣.♣♣
#.....#.>###♣..#.#
#♣♣†♣######'##....##.♣#.#
#...♣#.......#.....#.♣#.#
##♣..##.......#####.#.♣#.# ###
.#...'........#...#.#....# #..
##...'.....⌠.8#.@.#.'....## #.#
##...'........#...#.#.....# #.#
.#♣..##...8.8.##'##.#.....#####.#
##♣..♣#.......#.....#..#.........
♣..♣####'####....##.♣#..#####..
##♣♣..♣ #.....#..###♣.♣#...# #..
.# ♣..♣♣#.....####♣...♣#..## ##.
####...♣##....# ♣♣...##.## #.
##.#...♣♣#....#♣♣♣...###.# #.


There were no monsters in sight!

Vanquished Creatures
  3 pandemonium lords
  the Royal Jelly (Slime:5)
  7 orbs of fire (Zot:5)
  An ancient lich (Zot:5)
  A juggernaut (Depths:2)
  Sojobo (Vaults:4)
  Saint Roka (Snake:2)
  4 Killer Klowns (Zot:5)
  Xtahua (Vaults:4)
  9 caustic shrikes
  10 golden dragons
  2 curse toes
  A Brimstone Fiend (D:1)
  2 electric golems (Zot:5)
  11 tentacled monstrosities
  2 liches
  A Hell Sentinel (Zot:4)
  Asterion (Snake:1)
  3 titans (Vaults:5)
  3 deep elf blademasters
  28 Orb Guardians
  7 sphinxes
  2 quicksilver dragons
  An Executioner (Depths:1)
  Frances (D:12)
  2 deep elf master archers (Elf:3)
  17 acid blobs
  6 death cobs
  Agnes (D:15)
  2 krakens
  3 draconian monks
  3 shadow dragons
  Kirke (D:13)
  11 tengu reavers
  21 storm dragons
  Donald (Snake:1)
  The ghost of Godd the Metamorph, an adept MfSh of Trog (Shoals:2)
  Aizul (Snake:1)
  13 rockslimes
  3 nagarajas
  Roxanne (D:15)
  2 iron dragons
  19 frost giants
  2 draconian knights (Zot:3)
  15 fire giants
  12 azure jellies
  10 deep elf sorcerers
  3 draconian scorchers
  2 balrugs
  14 vault wardens
  4 deep elf elementalists (Elf:3)
  Louise (Snake:4)
  2 ghost moths (Zot:4)
  3 orc warlords
  3 draconian shifters
  3 draconian annihilators
  A draconian stormcaller (Zot:2)
  2 spriggan defenders
  2 demonspawn corrupters
  2 demonspawn blood saints
  21 ironbound preservers
  6 war gargoyles
  A reaper (Depths:2)
  11 very ugly things
  15 quicksilver oozes
  9 ironbound thunderhulks
  5 formless jellyfish
  6 green draconians
  20 stone giants
  Azrael (D:15)
  2 lorocyprocas
  6 deep elf demonologists
  2 black draconians (Zot:4)
  8 red draconians
  3 purple draconians
  7 yellow draconians
  11 deep elf annihilators
  10 white draconians
  3 blizzard demons
  14 ettins
  30 dire elephants
  6 merfolk impalers
  2 merfolk javelineers (Shoals:4)
  10 deep elf high priests
  Josephine (Orc:1)
  3 deep elf death magi (Elf:3)
  2 entropy weavers
  15 fire dragons
  15 great orbs of eyes
  18 yaktaur captains
  Harold (Orc:1)
  12 ice dragons
  4 rakshasas
  3 peacekeepers
  5 ironbound frosthearts
  7 spriggan air magi
  6 hydras
  6 salamander tyrants (Snake:4)
  A death knight (D:13)
  2 merfolk avatars
  34 vault guards
  A merfolk aquamancer (Shoals:4)
  4 alligator snapping turtles
  2 catoblepae
  16 anacondas
  4 boulder beetles
  A radroach (shapeshifter) (Depths:2)
  30 dancing weapons
  5 ogre magi
  14 death yaks
  18 centaur warriors
  3 satyrs
  11 naga warriors
  23 two-headed ogres
  12 deep troll shamans
  6 deep troll earth magi
  A vampire mage (Depths:2)
  Urug (D:13)
  2 orc high priests
  4 tengu warriors
  5 spriggan berserkers
  10 hell knights
  Nergalle (Orc:1)
  14 naga sharpshooters
  22 deep elf knights
  Sonja (Orc:1)
  4 sun demons (Depths:3)
  2 soul eaters (Depths:2)
  10 iron trolls
  6 salamander mystics (Snake:4)
  12 shock serpents
  A shadow wraith (Vaults:5)
  A skyshark (Lair:3)
  13 skeletal warriors
  Amaemon (Lair:1)
  A storm dragon skeleton (Vaults:5)
  53 deep trolls
  15 sea snakes
  A shadow demon (D:5)
  10 naga ritualists
  2 glowing orange brains
  A swamp dragon (Lair:5)
  2 tengu zombies (D:15)
  12 orc knights
  26 deep elf archers
  An obsidian statue (Zot:5)
  7 phantasmal warriors
  19 lindwurms
  15 ironbound convokers
  11 wizards
  A shadow dragon zombie (Vaults:5)
  32 deep elf zephyrmancers
  18 harpies
  38 deep elf pyromancers
  14 mana vipers
  9 necromancers
  12 shining eyes
  27 salamanders
  17 manticores
  3 orc sorcerers (Snake:2)
  An oklob plant (Lair:5)
  16 cyclopes
  22 fauns
  A fire giant zombie (D:15)
  45 ugly things
  A frost giant skeleton (D:15)
  19 moths of wrath
  18 vault sentinels
  17 naga magi
  5 guardian serpents (Snake:4)
  3 ice statues (IceCv)
  7 merfolk sirens
  Joseph (Lair:1)
  6 water nymphs
  3 smoke demons
  40 black mambas
  5 elephants (Lair:5)
  3 orange demons
  5 eyes of devastation
  14 cane toads
  A cane toad (shapeshifter) (Depths:3)
  An eye of devastation (shapeshifter) (Vaults:5)
  2 gargoyles
  2 torpor snails (Lair:5)
  A hellion (D:4)
  A freezing wraith (IceCv)
  2 kobold demonologists
  6 rime drakes
  5 unseen horrors
  23 yaktaurs
  A rime drake (shapeshifter) (D:14)
  8 komodo dragons
  3 yaktaurs (shapeshifter)
  An anaconda simulacrum (IceCv)
  3 efreet
  An ice devil (Depths:2)
  2 tengu conjurers
  10 trolls
  A yaktaur skeleton (Vaults:2)
  4 wind drakes
  6 polar bears
  28 merfolk
  6 hornets
  Prince Ribbit (D:5)
  10 dream sheep
  29 blink frogs
  6 snapping turtles
  A jumping spider (shapeshifter) (D:11)
  97 slime creatures
  16 water elementals
  5 wyverns
  An ettin skeleton (Vaults:2)
  3 shadows
  6 spriggans
  A wyvern (shapeshifter) (Vaults:5)
  A ynoxinul (Depths:1)
  A small abomination (Depths:4)
  6 fire elementals
  11 wraiths
  74 yaks
  A golden eye (Slime:5)
  A human (D:13)
  2 neqoxecs (Depths:2)
  4 hogs (D:13)
  Eustachio (D:5)
  3 steam dragons
  2 death yak simulacra (IceCv)
  2 redbacks (Vaults:3)
  7 vampire mosquitoes
  4 basilisks
  An elf skeleton (Vaults:2)
  7 wargs
  38 nagas
  An acid dragon (shapeshifter) (D:14)
  21 water moccasins
  3 hell hounds (D:15)
  7 acid dragons
  A hydra simulacrum (IceCv)
  A black bear (D:7)
  22 orc warriors
  A swamp drake (Lair:5)
  8 wolves
  6 boggarts
  4 human skeletons (Vaults:2)
  33 ogres
  7 centaurs
  A phantom (D:6)
  3 kobold brigands
  15 bullfrogs
  A gnoll sergeant (D:9)
  Blork the orc (D:5)
  4 earth elementals
  A cane toad simulacrum (IceCv)
  An ogre simulacrum (Vaults:5)
  5 scorpions
  16 wights
  8 killer bees
  2 elephant simulacra (IceCv)
  3 howler monkeys
  5 electric eels
  2 hounds
  A jelly (D:4)
  19 orc priests
  A sleepcap (D:5)
  5 iguanas
  Ijyb (D:4)
  50 orc wizards
  5 hell rats
  2 polar bear simulacra (Lair:5)
  4 yak simulacra (Lair:5)
  4 wolf simulacra (Lair:5)
  6 gnolls
  5 river rats (Lair:4)
  8 adders
  A shadow imp (Depths:1)
  15 white imps
  2 worms (D:2)
  A dart slug (D:5)
  110 orcs
  7 endoplasms
  A giant cockroach (D:1)
  7 goblins
  7 hobgoblins
  8 jackals
  5 quokkas
  7 ball pythons
  3 bats
  4 frilled lizards
  18 kobolds
  8 rats
  A river rat simulacrum (Lair:5)
  6 tentacles
2442 creatures vanquished.

Vanquished Creatures (others)
  A stone giant (Vaults:4)
  16 tentacles
17 creatures vanquished.

Grand Total: 2459 creatures vanquished

Notes
Turn   | Place    | Note
-------+----------+-------------------------------------------
     0 | D:1      | D12ThenQuit the Octopode Artificer began the quest for the
                  | Orb.
     0 | D:1      | Reached XP level 1. HP: 13/13 MP: 1/1
   550 | D:1      | Reached XP level 2. HP: 17/18 MP: 2/2
   926 | D:1      | Reached XP level 3. HP: 23/24 MP: 3/3
  1558 | D:2      | Found a faded altar of an unknown god.
  1559 | D:2      | Noticed a golden eye
  1559 | D:2      | Noticed Sigmund
  1668 | D:2      | Noticed a golden eye
  1672 | D:2      | Noticed an eye of devastation
  1680 | D:2      | Noticed a golden eye
  1846 | D:2      | Found Hedaq's Book Emporium.
  1986 | D:2      | You fall into a shaft and drop 1 floor!
  2021 | D:3      | Reached XP level 4. HP: 30/30 MP: 4/4
  3127 | D:3      | Reached skill level 1 in Short Blades
  3127 | D:3      | Reached XP level 5. HP: 20/36 MP: 5/5
  3532 | D:4      | Noticed an ogre
  3681 | D:4      | Reached XP level 6. HP: 35/42 MP: 6/6
  4203 | D:4      | Noticed Ijyb
  4214 | D:4      | Killed Ijyb
  4671 | D:5      | Entered Level 5 of the Dungeon
  4683 | D:5      | Found an ancient bone altar of Kikubaaqudgha.
  4690 | D:5      | Reached skill level 5 in Short Blades
  4690 | D:5      | Reached XP level 7. HP: 46/46 MP: 7/7
  4701 | D:5      | Noticed a troll
  4709 | D:5      | Killed a troll
  5319 | D:5      | Noticed Blork the orc
  5432 | D:5      | Noticed Eustachio
  5437 | D:5      | Killed Eustachio
  5438 | D:5      | Reached XP level 8. HP: 52/52 MP: 8/8
  5488 | D:5      | Found a one-way gate to the infinite horrors of the Abyss.
  5597 | D:5      | Found a large runed translucent door.
  5602 | D:5      | Found a large runed translucent door.
  5602 | D:5      | Found a corrupted altar of Lugonu.
  5693 | D:5      | Found the +8 longbow "Zephyr" {speed, Dex+3 SInv}
  5727 | D:5      | Reached skill level 1 in Ranged Weapons
  5769 | D:5      | Killed Blork the orc
  5822 | D:5      | Noticed Prince Ribbit
  5828 | D:5      | Killed Prince Ribbit
  6128 | D:6      | Reached skill level 5 in Ranged Weapons
  6129 | D:6      | Reached XP level 9. HP: 56/56 MP: 9/9
  6226 | D:6      | Found Gowazann's Armour Boutique.
  6228 | D:6      | Found Faomag's Distillery.
  6230 | D:6      | Found Ufiz's General Store.
  6243 | D:6      | Bought a potion of curing for 39 gold pieces
  6828 | D:6      | Found a runed translucent gate.
  6828 | D:6      | Found a runed translucent gate.
  6828 | D:6      | Found a runed translucent gate.
  6828 | D:6      | Found an opulent altar of Gozag.
  6828 | D:6      | Noticed an unseen horror
  6832 | D:6      | Noticed avis's ghost (novice FeAr)
  7243 | D:7      | Found Asauh's Book Emporium.
  7449 | D:7      | Found a staircase to the Ecumenical Temple.
  7458 | Temple   | Entered the Ecumenical Temple
  7479 | Temple   | Became a worshipper of Warmaster Okawaru
  7824 | D:7      | Found a glowing silver altar of Zin.
  7824 | D:7      | Noticed an angel
  8236 | D:8      | Noticed a hornet
  8323 | D:8      | Noticed a deep elf pyromancer
  8345 | D:8      | Reached * piety under Okawaru
  8346 | D:8      | Reached XP level 10. HP: 51/65 MP: 10/10
  8498 | D:8      | Noticed a death knight
  8498 | D:8      | Noticed a fire crab
  8498 | D:8      | Noticed a black mamba
  8498 | D:8      | a black mamba changed into a harpy
  8498 | D:8      | Noticed a harpy (shapeshifter)
  8787 | D:8      | Reached skill level 5 in Fighting
  8937 | D:9      | Reached ** piety under Okawaru
  8938 | D:9      | Reached skill level 5 in Dodging
  9012 | D:9      | Reached skill level 10 in Ranged Weapons
  9023 | D:9      | Reached skill level 1 in Invocations
  9179 | D:9      | Reached *** piety under Okawaru
  9303 | D:9      | Found a white marble altar of Elyvilon.
  9303 | D:9      | Found a radiant altar of Vehumet.
  9476 | D:9      | Found a staircase to the Lair.
  9479 | D:9      | Reached XP level 11. HP: 55/72 MP: 13/13
  9685 | D:9      | Reached **** piety under Okawaru
  9833 | D:9      | Learned a level 2 spell: Blink
  9859 | D:10     | Entered Level 10 of the Dungeon
  9892 | D:10     | Noticed a two-headed ogre
  9902 | D:10     | Reached skill level 5 in Invocations
  9944 | D:10     | Killed a two-headed ogre
  9945 | D:10     | Reached skill level 1 in Translocations
 10361 | D:10     | Noticed a two-headed ogre
 10367 | D:10     | Killed a two-headed ogre
 10675 | Lair:1   | Entered Level 1 of the Lair of Beasts
 10697 | Lair:1   | Reached ***** piety under Okawaru
 10882 | Lair:1   | Noticed Amaemon
 10892 | Lair:1   | Killed Amaemon
 11018 | Lair:1   | Noticed Joseph
 11024 | Lair:1   | Killed Joseph
 11551 | Lair:2   | Received a gift from Okawaru
 11552 | Lair:2   | Reached XP level 12. HP: 81/81 MP: 17/17
 11687 | Lair:2   | Found a staircase to the Snake Pit.
 12818 | Lair:2   | Received a gift from Okawaru
 13143 | Lair:2   | Noticed a boulder beetle
 13157 | Lair:2   | Killed a boulder beetle
 13831 | Lair:3   | Reached XP level 13. HP: 77/89 MP: 20/20
 13835 | Lair:3   | Reached skill level 10 in Invocations
 13869 | Lair:3   | Found a staircase to the Shoals.
 13903 | Lair:3   | Received a gift from Okawaru
 14621 | Lair:4   | Received a gift from Okawaru
 15133 | Lair:5   | Entered Level 5 of the Lair of Beasts
 16385 | Lair:5   | Received a gift from Okawaru
 16401 | Lair:5   | Reached XP level 14. HP: 93/97 MP: 18/23
 16579 | Lair:5   | Reached skill level 10 in Fighting
 16848 | Lair:5   | Reached skill level 10 in Dodging
 17034 | Lair:5   | Found a staircase to the Slime Pits.
 17034 | Lair:5   | Found a viscous altar of Jiyva.
 17057 | Lair:5   | Received a gift from Okawaru
 17970 | Lair:5   | Reached skill level 15 in Ranged Weapons
 17983 | Lair:5   | Noticed a dire elephant
 18250 | Lair:5   | Received a gift from Okawaru
 18444 | Lair:5   | Killed a dire elephant
 18520 | Lair:5   | Received a gift from Okawaru
 19089 | D:11     | Reached XP level 15. HP: 102/106 MP: 24/24
 19806 | D:11     | Learned a level 3 spell: Mephitic Cloud
 20245 | D:12     | Noticed Frances
 20258 | D:12     | Killed Frances
 20258 | D:12     | Received a gift from Okawaru
 20577 | D:12     | Found a staircase to the Orcish Mines.
 21043 | D:13     | Noticed Kirke
 21051 | D:13     | Killed Kirke
 21198 | D:13     | Noticed Urug
 21210 | D:13     | Killed Urug
 21390 | D:13     | Identified a scroll of acquirement
 21391 | D:13     | Acquired the +1 hat of Nihilism {Dex+3 Slay+2}
 21884 | D:14     | Found a gate to the Vaults.
 22153 | D:14     | Received a gift from Okawaru
 22210 | D:15     | Entered Level 15 of the Dungeon
 22261 | D:15     | Reached XP level 16. HP: 70/115 MP: 17/25
 22287 | D:15     | Noticed Azrael
 22295 | D:15     | Killed Azrael
 22494 | D:15     | Found a staircase to the Depths.
 22739 | D:15     | Noticed Roxanne
 22764 | D:15     | Noticed Agnes
 23078 | Orc:1    | Entered Level 1 of the Orcish Mines
 23078 | Orc:1    | Noticed Josephine
 23090 | Orc:1    | Killed Josephine
 23101 | Orc:1    | Noticed Nergalle
 23108 | Orc:1    | Killed Nergalle
 23223 | Orc:2    | Entered Level 2 of the Orcish Mines
 23302 | Orc:1    | Found a frozen archway.
 23336 | IceCv    | Entered an ice cave
 23733 | Orc:2    | Received a gift from Okawaru
 23782 | Orc:2    | Found Urottikh's General Store.
 23782 | Orc:2    | Found Tehurchi's General Store.
 23783 | Orc:2    | Found Sotid's Armour Boutique.
 23783 | Orc:2    | Found Totruexo's Distillery.
 23811 | Orc:2    | Bought a potion of resistance for 130 gold pieces
 23839 | Orc:2    | Found a staircase to the Elven Halls.
 24103 | Orc:1    | Noticed Harold
 24109 | Orc:1    | Killed Harold
 24150 | Orc:1    | Noticed Sonja
 24155 | Orc:1    | Killed Sonja
 24668 | D:15     | Killed Agnes
 24736 | D:15     | Found an iron altar of Okawaru.
 24919 | D:15     | Reached skill level 1 in Air Magic
 24919 | D:15     | Reached skill level 1 in Poison Magic
 25075 | D:15     | Reached skill level 1 in Spellcasting
 25075 | D:15     | Reached skill level 1 in Conjurations
 25361 | D:15     | Killed Roxanne
 25604 | Shoals:1 | Entered Level 1 of the Shoals
 25696 | Shoals:1 | Reached XP level 17. HP: 123/123 MP: 20/26
 26634 | Shoals:2 | Found Nameang's Assorted Antiques.
 26714 | Shoals:2 | Bought a scroll of blinking for 247 gold pieces
 26714 | Shoals:2 | Bought a scroll of identify for 66 gold pieces
 26848 | Shoals:2 | Found Vothicri's Magic Scroll Shop.
 26850 | Shoals:2 | Identified the +6 great sword of Janwaf {protect, *Corrode
                  | rN+ SInv}
 26857 | Shoals:2 | Bought a scroll of identify for 36 gold pieces
 26858 | Shoals:2 | Bought a scroll of identify for 36 gold pieces
 27179 | Shoals:2 | Found a runed translucent gate.
 27179 | Shoals:2 | Found a runed translucent gate.
 27179 | Shoals:2 | Found a runed translucent gate.
 27756 | Shoals:2 | Found Doenuq's Weapon Shop.
 27865 | Shoals:2 | Noticed Godd's ghost (adept MfSh)
 27884 | Shoals:2 | Killed Godd's ghost
 28463 | Shoals:3 | Noticed a kraken
 28492 | Shoals:3 | Killed a kraken
 28764 | Shoals:4 | Entered Level 4 of the Shoals
 29101 | Shoals:4 | Reached XP level 18. HP: 123/131 MP: 27/27
 29197 | Shoals:4 | Found Ruifon's Jewellery Boutique.
 29205 | Shoals:4 | Bought the amulet "Caaggor" {RegenMP rF+ Regen+ Dex+3} for
                  | 754 gold pieces
 29575 | Shoals:4 | Reached skill level 5 in Spellcasting
 29940 | Shoals:4 | Got a barnacled rune of Zot
 30056 | Snake:1  | Entered Level 1 of the Snake Pit
 30074 | Snake:1  | Received a gift from Okawaru
 30146 | Snake:1  | Reached skill level 5 in Stealth
 30170 | Snake:1  | Learned a level 6 spell: Dispersal
 30236 | Snake:1  | Noticed Asterion
 30236 | Snake:1  | Noticed Donald
 30248 | Snake:1  | Killed Asterion
 30264 | Snake:1  | Killed Donald
 30293 | Snake:1  | Reached skill level 5 in Translocations
 30621 | Snake:1  | Noticed Aizul
 30635 | Snake:1  | Killed Aizul
 31291 | Snake:2  | Noticed Saint Roka
 31328 | Snake:2  | Killed Saint Roka
 31334 | Snake:2  | Received a gift from Okawaru
 31335 | Snake:2  | Reached skill level 5 in Evocations
 31910 | Snake:3  | Reached XP level 19. HP: 91/137 MP: 28/28
 31955 | Snake:3  | Reached skill level 10 in Translocations
 32035 | Snake:3  | Received a gift from Okawaru
 32178 | Snake:3  | Reached skill level 15 in Fighting
 32565 | Snake:4  | Entered Level 4 of the Snake Pit
 32603 | Snake:4  | Identified the +2 tower shield "Teos" {rC+}
 32603 | Snake:4  | Noticed Louise
 32616 | Snake:4  | Killed Louise
 32634 | Snake:4  | Reached skill level 15 in Dodging
 32726 | Snake:4  | Received a gift from Okawaru
 33038 | Snake:4  | Acquired the +2 hat of the Bear Spirit {Spirit, Bear, *Rage
                  | Will++}
 33038 | Snake:4  | Found the +2 hat of the Bear Spirit {Spirit, Bear, *Rage
                  | Will++}
 33251 | Snake:4  | Received a gift from Okawaru
 33350 | Snake:4  | Reached skill level 10 in Stealth
 33858 | Snake:4  | Got a serpentine rune of Zot
 34263 | Vaults:1 | Entered Level 1 of the Vaults
 34462 | Vaults:1 | Reached XP level 20. HP: 79/148 MP: 17/29
 34572 | Vaults:1 | Reached ****** piety under Okawaru
 34597 | Vaults:1 | Received a gift from Okawaru
 35521 | Vaults:1 | Acquired a +5 hand cannon of electrocution
 35521 | Vaults:1 | Received a gift from Okawaru
 35787 | Vaults:1 | Received a gift from Okawaru
 36114 | Vaults:2 | Learned a level 2 spell: Passwall
 36239 | Vaults:2 | Received a gift from Okawaru
 36307 | Vaults:2 | Found Depteof's Antique Armour Shop.
 36320 | Vaults:2 | Acquired the +0 hat of the Dungeon {rF+ SInv}
 36320 | Vaults:2 | Received a gift from Okawaru
 37038 | Vaults:2 | Received a gift from Okawaru
 37219 | Vaults:2 | Reached XP level 21. HP: 159/159 MP: 30/30
 37258 | Vaults:2 | Found a staircase to the Crypt.
 37658 | Vaults:3 | Received a gift from Okawaru
 38558 | Vaults:3 | Got a droning book
 38798 | Vaults:3 | Received a gift from Okawaru
 39136 | Vaults:4 | Found a flickering gateway to a bazaar.
 39172 | Bazaar   | Entered a bazaar
 39176 | Bazaar   | Found Fuosuexzu's Jewellery Boutique.
 39198 | Bazaar   | Found Nunoex's Antique Armour Emporium.
 39219 | Bazaar   | Found Moxuipt's Book Boutique.
 39239 | Bazaar   | Found Xoxomp's Antique Weapon Shoppe.
 39266 | Bazaar   | Bought the ring "Kiari" {rF+ Will+ Str-4 SInv} for 534 gold
                  | pieces
 39266 | Bazaar   | Bought the ring "Leiresot" {rElec rN+ MP+9} for 611 gold
                  | pieces
 39317 | Bazaar   | Bought Luor's Handbook of the Vexing Xenotype for 144 gold
                  | pieces
 39323 | Bazaar   | Learned a level 4 spell: Dimensional Bullseye
 39352 | Bazaar   | Bought a ring of poison resistance for 320 gold pieces
 39367 | Bazaar   | Bought a masterwork rapier for 252 gold pieces
 39367 | Bazaar   | Identified the +8 rapier of the Endless Nights {freeze, rN+
                  | Int+5 Stlth-} (You bought it in a shop in a bazaar)
 39526 | Vaults:4 | Noticed Xtahua
 39534 | Vaults:4 | Killed Xtahua
 39608 | Vaults:4 | Reached skill level 1 in Hexes
 39622 | Vaults:4 | Received a gift from Okawaru
 39839 | Vaults:4 | Noticed Sojobo
 39861 | Vaults:4 | Killed Sojobo
 39862 | Vaults:4 | Reached XP level 22. HP: 156/171 MP: 19/31
 40120 | Vaults:4 | Received a gift from Okawaru
 40506 | Vaults:4 | Upgraded the game from 0.31-a0-868-g674d60d6f7 to
                  | 0.31-a0-876-gfe8ebadbca
 40749 | Elf:1    | Entered Level 1 of the Elven Halls
 41151 | Elf:1    | Found Ogadapir's Armour Boutique.
 41258 | Elf:1    | Found a runed translucent gate.
 41258 | Elf:1    | Found a runed translucent gate.
 41258 | Elf:1    | Found a runed translucent gate.
 41258 | Elf:1    | Found a runed translucent gate.
 41258 | Elf:1    | Found a runed translucent gate.
 41260 | Elf:1    | Found a runed translucent gate.
 41496 | Elf:1    | Found a magical portal.
 41659 | Elf:2    | Reached skill level 5 in Hexes
 41735 | Elf:2    | Received a gift from Okawaru
 41886 | Elf:2    | Found a runed translucent gate.
 41886 | Elf:2    | Found a runed translucent gate.
 41886 | Elf:2    | Found a runed translucent gate.
 42353 | Elf:2    | Got a well-preserved book
 42561 | Elf:2    | Received a gift from Okawaru
 42944 | Elf:3    | Entered Level 3 of the Elven Halls
 43022 | Elf:3    | Reached XP level 23. HP: 145/179 MP: 31/32
 43158 | Elf:3    | Found Koonk's Antique Armour Shoppe.
 43167 | Elf:3    | Found Neschodu's Distillery.
 43169 | Elf:3    | Found Moam's Armour Shoppe.
 43645 | Elf:3    | Received a gift from Okawaru
 43771 | Elf:3    | Identified the +11 whip of the Shifting Traitor {freeze,
                  | Will- Int+4}
 43773 | Elf:3    | Identified the +7 lajatang of Extermination {protect, rElec
                  | rPois rF- Dex+7}
 43773 | Elf:3    | Identified the ring of Iceuv {rF+ rCorr Str+3}
 43776 | Elf:3    | Identified the +1 flail of Ru, Flying {chaos, Fragile rCorr
                  | Dex+4 Stlth+}
 43919 | Elf:3    | Identified the +10 quarterstaff of Othezymo {protect,
                  | rCorr}
 43955 | Elf:3    | Identified the +4 morningstar "Ficzong" {flame, Stlth+}
 43955 | Elf:3    | Identified the +2 plate armour "Cebibet" {*Slow rElec rC+++
                  | Int+4}
 44062 | Elf:3    | Found the +0 pair of fencer's gloves {Riposte Dex+3}
 44076 | Elf:3    | Identified the +1 pair of boots of Tomorrow {+Blink rN+
                  | Str+3}
 44111 | Elf:3    | Got an ancient book
 44165 | Elf:3    | Received a gift from Okawaru
 44467 | Depths:1 | Entered Level 1 of the Depths
 44689 | Depths:1 | Found Ucostoor's Overcharged Wands.
 44714 | Depths:1 | Found a one-way gateway to a ziggurat.
 44771 | Depths:1 | Found a radiant altar of Vehumet.
 44844 | Depths:1 | Found Vukhad's Book Shop.
 44845 | Depths:1 | Found Archeogio's Jewellery Emporium.
 44846 | Depths:1 | Found Hiutsown's Book Shop.
 44924 | Depths:1 | Found a one-way gate leading to the halls of Pandemonium.
 44943 | Depths:1 | Found an iron altar of Okawaru.
 45106 | Depths:1 | Found the -2 hat of the Alchemist {rElec rPois rF+ rC+ rN+
                  | Will+ rMut rCorr}
 45246 | Depths:1 | Identified the +4 flail of the Twisting Fulmar {venom,
                  | rElec rPois Dex+3}
 45334 | Depths:1 | Found a gateway to Hell.
 45465 | Depths:2 | Found a shimmering altar of Xom.
 45481 | Depths:2 | Received a gift from Okawaru
 45643 | Depths:2 | Gained mutation: You occasionally lose the ability to read
                  | scrolls when taking damage. [a neqoxec]
 45878 | Depths:2 | Reached XP level 24. HP: 190/190 MP: 32/32
 46131 | Depths:2 | Found Macsuh's Magic Scroll Boutique.
 46145 | Depths:2 | Found Vequr's Book Boutique.
 46151 | Depths:2 | Found Biempudat's Jewellery Boutique.
 46263 | Depths:2 | Found Omminino's Jewellery Emporium.
 46417 | Depths:2 | Received a gift from Okawaru
 46418 | Depths:2 | Noticed a juggernaut
 46427 | Depths:2 | Killed a juggernaut
 46681 | Depths:2 | Bought the ring of Asceticism {rF+ Slay+3} for 624 gold
                  | pieces
 46930 | Depths:3 | Received a gift from Okawaru
 47267 | Depths:3 | Noticed a caustic shrike
 47276 | Depths:3 | Killed a caustic shrike
 47585 | Depths:3 | Found a sacrificial altar of Ru.
 47756 | Depths:4 | Entered Level 4 of the Depths
 47775 | Depths:4 | Noticed a caustic shrike
 47779 | Depths:4 | Killed a caustic shrike
 47779 | Depths:4 | Noticed a caustic shrike
 47779 | Depths:4 | Noticed a caustic shrike
 47784 | Depths:4 | Killed a caustic shrike
 47785 | Depths:4 | Noticed a caustic shrike
 47789 | Depths:4 | Noticed a caustic shrike
 47796 | Depths:3 | Killed a caustic shrike
 47910 | Depths:4 | Noticed a caustic shrike
 47923 | Depths:4 | Killed a caustic shrike
 47925 | Depths:4 | Noticed a caustic shrike
 47932 | Depths:4 | Noticed a caustic shrike
 47944 | Depths:4 | Killed a caustic shrike
 47955 | Depths:4 | Killed a caustic shrike
 48014 | Depths:4 | Killed a caustic shrike
 48032 | Depths:4 | Killed a caustic shrike
 48032 | Depths:4 | Received a gift from Okawaru
 48293 | Depths:4 | Reached XP level 25. HP: 200/200 MP: 32/32
 48767 | Depths:4 | Found a gate to the Realm of Zot.
 48780 | Depths:4 | Upgraded the game from 0.31-a0-876-gfe8ebadbca to
                  | 0.31-a0-879-g1609e0ac53
 49061 | Vaults:5 | Entered Level 5 of the Vaults
 49091 | Vaults:5 | Received a gift from Okawaru
 49332 | Vaults:5 | Identified the +8 shortbow of Disarray {antimagic, rN+
                  | Dex+3}
 49493 | Vaults:5 | Received a gift from Okawaru
 49551 | Vaults:5 | Found Mown's Jewellery Boutique.
 49562 | Vaults:5 | Got a silver rune of Zot
 49707 | Vaults:5 | Identified the staff of the Hundredfold Nights {Contam
                  | rPois rF+++ rN+++ Int-4 Poison}
 49767 | Vaults:5 | Found Ylliru's Antique Armour Emporium.
 49910 | Vaults:5 | Found the +7 great mace "Firestarter" {flame, immolate,
                  | rFlCloud rF++}
 49925 | Vaults:5 | Got a leatherbound book
 50196 | Vaults:5 | Received a gift from Okawaru
 50757 | Depths:1 | Bought the ring "Tucsiv" {rElec rC+++ Will+ Dex-5 Slay+3}
                  | for 1522 gold pieces
 50890 | Zot:1    | Entered Level 1 of the Realm of Zot
 50995 | Zot:2    | You fall into a shaft and drop 2 floors!
 51095 | Zot:3    | Reached XP level 26. HP: 206/207 MP: 32/32
 52012 | Zot:4    | Received a gift from Okawaru
 52627 | Zot:4    | Identified the +6 glaive of Doom {heavy, Str+3}
 52743 | Zot:4    | Received a gift from Okawaru
 53036 | Depths:1 | Bought a +6 ring of dexterity for 720 gold pieces
 53274 | Zot:5    | Entered Level 5 of the Realm of Zot
 53646 | Zot:5    | Found a large runed translucent door.
 53647 | Zot:5    | Found a large runed translucent door.
 53648 | Zot:5    | Noticed greenreed's ghost (veteran MiBe)
 54800 | Slime:1  | Entered Level 1 of the Pits of Slime
 54958 | Slime:4  | Reached XP level 27. HP: 194/214 MP: 32/32
 54989 | Slime:5  | Entered Level 5 of the Pits of Slime
 55006 | Slime:5  | Received a gift from Okawaru
 55069 | Slime:5  | Gained mutation: Your spells are a little easier to cast,
                  | but a little less powerful. [a shining eye]
 55071 | Slime:5  | Noticed the Royal Jelly
 55492 | Slime:4  | Reached skill level 27 in Ranged Weapons
 55619 | Slime:5  | Found a viscous altar of Jiyva.
 55895 | Slime:5  | Killed the Royal Jelly
 55895 | Slime:5  | Received a gift from Okawaru
 56024 | Slime:5  | Got a slimy rune of Zot
 56046 | Slime:5  | Identified the +11 orcbow of Hubris {heavy, rF+ rC- Str+9
                  | Stlth-}
 56053 | Slime:5  | Identified the +4 robe of Hopscotch {Int+6}
 56114 | Slime:5  | Identified the +0 short sword "Viniykorgh" {freeze, rElec}
 56119 | Slime:5  | Identified the +2 plate armour of Festooned Creativity
                  | {Harm Will+ Dex+6}
 56770 | Depths:1 | Bought a book of the Moon for 640 gold pieces
 56775 | Depths:1 | Learned a level 4 spell: Passage of Golubria
 57167 | Zot:5    | Noticed an orb of fire
 57174 | Zot:5    | Noticed an orb of fire
 57178 | Zot:5    | Killed an orb of fire
 57193 | Zot:5    | Killed an orb of fire
 57256 | Zot:5    | Noticed an orb of fire
 57260 | Zot:5    | Gained mutation: Your body sometimes deteriorates upon
                  | taking damage. [an orb of fire]
 57265 | Zot:5    | Killed an orb of fire
 57298 | Zot:5    | Received a gift from Okawaru
 57333 | Zot:5    | Noticed an orb of fire
 57333 | Zot:5    | Noticed an orb of fire
 57336 | Zot:5    | Gained mutation: Your spells are easier to cast, but less
                  | powerful. [an orb of fire]
 57344 | Zot:5    | Gained mutation: You are clumsy. (Dex -2) [an orb of fire]
 57353 | Zot:5    | Killed an orb of fire
 57362 | Zot:5    | Killed an orb of fire
 57364 | Zot:5    | Noticed an orb of fire
 57369 | Zot:5    | Noticed an orb of fire
 57378 | Zot:5    | Gained mutation: You sometimes lose your temper in combat.
                  | [an orb of fire]
 57382 | Zot:5    | Lost mutation: You occasionally lose the ability to read
                  | scrolls when taking damage. [potion of mutation]
 57382 | Zot:5    | Lost mutation: Your body sometimes deteriorates upon taking
                  | damage. [potion of mutation]
 57382 | Zot:5    | Lost mutation: You are clumsy. (Dex -2) [potion of
                  | mutation]
 57382 | Zot:5    | Gained mutation: Your magical capacity is low. (-10% MP)
                  | [potion of mutation]
 57382 | Zot:5    | Gained mutation: You have a pair of small antennae on your
                  | head. [potion of mutation]
 57382 | Zot:5    | Gained mutation: You are agile. (Dex +4, Str/Int -1)
                  | [potion of mutation]
 57382 | Zot:5    | Noticed an ancient lich
 57390 | Zot:5    | Killed an orb of fire
 57391 | Zot:5    | Killed an orb of fire
 57406 | Zot:5    | Noticed an ancient lich
 57409 | Zot:5    | Killed an ancient lich
 57427 | Zot:5    | Received a gift from Okawaru
 57516 | Zot:5    | Identified the +0 hat of Ignis's Esteem {Rampage rPois
                  | Stlth+}
 57522 | Zot:5    | Acquired 464 gold pieces
 57721 | Zot:5    | Got the Orb of Zot
 57732 | Zot:5    | Noticed Bairi the pandemonium lord
 57758 | Zot:5    | Killed Bairi the pandemonium lord
 57766 | Zot:5    | Noticed Guomm the pandemonium lord
 57788 | Zot:5    | Killed Guomm the pandemonium lord
 57991 | Depths:4 | Reached skill level 27 in Fighting
 58021 | Depths:4 | Noticed Rijein the pandemonium lord
 58031 | Depths:4 | Killed Rijein the pandemonium lord
 58037 | Depths:4 | Noticed Isod the pandemonium lord
 58093 | Depths:2 | Noticed Gogichac the pandemonium lord
 58139 | Depths:1 | Received a gift from Okawaru
 58646 | D:$      | Escaped with the Orb!

Illustrated notes

Levels and vault maps discovered:
D:1:      sevenhm_arrival_forest_fort_large_3, layout_loops_corners,
          nicolae_hexahallways, kennysheep_small_spiral, minivault_25
D:2:      layout_loops_ring, hellmonk_ecumenical_altar_watching_god,
          serial_shops, nicolae_shop_tiny_waterfront, minivault_24,
          nicolae_wormholes, uniq_sigmund
D:3:      layout_basic
D:4:      layout_layer_cave, kennysheep_path_1, uniq_ijyb
D:5:      due_chaos_kobolds, layout_rooms, kiku_gazebo_garden_becter,
          uniq_eustachio, uniq_blork_the_orc, uniq_prince_ribbit1
D:6:      layout_loops_corners, ebering_ghost_gozag, nicolae_wooded_promenade
D:7:      layout_loops_cross, zin_angel, minmay_temple_entry_statues_pillars,
          serial_shops, shop, serial_bayou_pond_e
D:8:      layout_loops_cross, minmay_shattered_shrine
D:9:      layout_gridville, gammafunk_temple_overflow_elements,
          erik_lair_orcish_takeover
D:10:     layout_irregular_city
D:11:     minmay_quarter_circles, layout_basic, kennysheep_generic_room_8
D:12:     layout_roguey, erik_orc_2, serial_aquarium, aquarium_bridge_square
          [aquarium_subvault_bridge, aquarium_subvault_wall,
          aquarium_subvault_bridge, aquarium_subvault_bridge],
          aquarium_window_1, aquarium_window_fake, aquarium_view_2d,
          aquarium_view_2f, aquarium_balcony_3b, aquarium_pool_side,
          hex_intersection, uniq_frances
D:13:     layout_loops_ring, uniq_urug, uniq_kirke
D:14:     layout_cross, hangedman_vaults_entry_quadrant_bands
D:15:     gammafunk_depths_entry_grave, layout_basic, okawaru_trees_2,
          uniq_agnes, uniq_azrael, uniq_roxanne
Temple:   nicolae_temple_bog_church
Lair:1:   layout_small_grid, uniq_joseph, uniq_amaemon
Lair:2:   layout_hall_layers, minmay_snake_entry_six_corridors,
          grunt_forest_large_clearing_hut
Lair:3:   layout_gridlike, minmay_shoals_entry_beasts, serial_bayou,
          serial_bayou_lagoon_b, serial_bayou_shore_b, serial_bayou_shore_b,
          serial_bayou_shore_a
Lair:4:   layout_gridlike, serial_bayou_ford_a, kennysheep_abandoned_house
Lair:5:   hangedman_lair_in_review, layout_cellular_growth,
          guppyfry_lair_end_dragon, slime_entry_1,
          nicolae_lair_grove_arrangements, eino_house_with_fridge,
          serial_bayou_shore_b, serial_bayou_shore_b
Shoals:1: layout_shoals, st_shoals_ruin
Shoals:2: layout_shoals, serial_shops, nicolae_shop_stone,
          nicolae_stop_n_shop_1, nicolae_shop_hallway_plus,
          ebering_ghost_rock_garden
Shoals:3: layout_shoals
Shoals:4: shoals_end_hangedman, layout_shoals, serial_shops, shop
Snake:1:  layout_grid_maze, grunt_ministairs_9, uniq_aizul, uniq_asterion,
          uniq_donald
Snake:2:  layout_rooms, uniq_saint_roka
Snake:3:  layout_basic, grunt_megastairs_1
Snake:4:  snake_pit_salamanders_mu, layout_rooms, uniq_louise
Slime:1:  layout_caves, cheibrodos_slime_lost_civilization_5
Slime:2:  layout_caves
Slime:3:  nicolae_slime_jelly_donut, layout_caves, basic_altar,
          cheibrodos_slime_lost_civilization_4
Slime:4:  layout_caves, special_room [special_room_jelly]
Slime:5:  slime_pit_nicolae_inversion
Orc:1:    layout_diamond_mine, portal_ice_cave_entry_imps, uniq_nergalle,
          uniq_josephine, uniq_sonja, uniq_harold
Orc:2:    st_orc_ogre_mass, layout_caves
Elf:1:    layout_loops_cross, infiniplex_enter_wizlab_spiral, serial_shops,
          shop, orc_legates
Elf:2:    elven_hall_of_blades_hangedman_original
          [nicolae_blade_entry_crossed_weapons], layout_onion_city,
          solitary_fountain, st_stairs_11, minmay_elf_annihilation
Elf:3:    minmay_elf_hall_curves, layout_gridlike, minmay_shop_star
Vaults:1: vaults_room_corners, v_rooms_4, ontoclasm_vaults_tryst,
          v_alt_pattern_5, vaults_dpeg_cross, nicolae_vaults_asterisk,
          nicolae_vaults_sesquioval_fish, nicolae_vaults_storage_closets_2,
          nicolae_vaults_an_arrangement, nicolae_vaults_more_shelving_1,
          vaults_room_large_hall, nicolae_vaults_tetromino_L_2,
          nicolae_vaults_trapezoid_4, layout_vaults_omnicross
Vaults:2: hangedman_vaults_corner, minmay_crypt_entry_skeletal_spiral,
          vaults_room_semicircle, v_alt_pattern_2, nicolae_vaults_circle_grid_b,
          nicolae_vaults_storage_closets_1, grunt_vaults_twisty,
          layout_vaults_chaotic_city, serial_shops, shop, serial_glass
Vaults:3: v_alt_pattern_6, vaults_mumra_hexcomb, v_pattern_3,
          ontoclasm_vaults_fault, nicolae_vaults_enemy_cabinets, v_misc_30,
          dpeg_vaults_monster_box, layout_vaults_omnigrid
Vaults:4: v_rooms_3, nicolae_vaults_lightning_bolt, v_misc_17,
          nicolae_vaults_sightless_eye, hangedman_vaults_capsules, st_diamondy,
          ontoclasm_vaults_eye, v_alt_pattern_3, nicolae_vaults_tetromino_Z_1,
          nicolae_vaults_storage_room_water, v_misc_33, vaults_room_pool,
          nicolae_vaults_prndl, ontoclasm_vaults_spin, layout_vaults_ring,
          serial_shops, bzr_entry_gold, uniq_sojobo, uniq_xtahua
Vaults:5: serial_shops
Depths:1: evilmike_iron_armoury, layout_cave_pools, enter_ziggurat_b,
          hangedman_coc_ice_floe, pan_entry, nicolae_vehumet_altar_sigil,
          nicolae_shop_overcharged_wands, minmay_shop_grove
Depths:2: minmay_quantized_circle, layout_cave_pools, hell_entry, hex_medium,
          grunt_pan_entry_in_and_out, serial_shops, kennysheep_mini_moat,
          nicolae_lakefront_shop, shop, nicolae_take_the_stairs,
          xom_teletrap_fun
Depths:3: kennysheep_bubbly, layout_cave_pools, serial_rivers,
          chequers_serial_rivers_small_a, chequers_serial_rivers_micro_d,
          chequers_serial_rivers_large_a, chequers_serial_rivers_small_b,
          hell_entry, hangedman_abyss_entry_splay, nicolae_ru_path_of_blood,
          kennysheep_flooded_box, st_stairs_9
Depths:4: evilmike_zot_entry_hall, layout_cave_pools, hell_entry,
          minmay_strange_pillars, nrook_pool_corridor
Zot:1:    layout_gridlike
Zot:2:    layout_gridlike, nicolae_transporter_intersection, grunt_megastairs_5
Zot:3:    layout_concentric_octagons
Zot:4:    lemuel_halls_of_wrath, layout_gridlike, st_large_dragon_hoard_1
Zot:5:    layout_twisted_circle, ebering_ghost_disaster_area

Skill      XL: |  1  2  3  4  5  6  7  8  9 10 11 12 13 14 15 16 17 18 19 20 21 22 23 24 25 26 27 |
---------------+----------------------------------------------------------------------------------+-----
Stealth        | 2 3 4 5 10 | 10.0
Fighting       | 2 3 4 6 7 8 9 11 12 13 14 16 18 19 20 22 23 24 27 | 27.0
Short Blades   | 1 3 5 7 8 |  8.4
Ranged Weapons | 5 8 10 11 12 13 15 17 18 19 20 23 26 27 | 27.0
Dodging        | 4 5 7 8 9 10 12 13 14 16 18 19 20 22 23 24 26 | 26.3
Invocations    | 3 7 9 12 | 12.0
Translocations | 3 9 10 11 | 11.4
Air Magic      | 1 2 |  2.0
Poison Magic   | 1 3 |  3.0
Spellcasting   | 1 4 5 |  5.0
Conjurations   | 1 2 |  2.0
Evocations     | 6 |  6.0
Hexes          | 2 5 |  5.6

Action                     |  1- 3 |  4- 6 |  7- 9 | 10-12 | 13-15 | 16-18 | 19-21 | 22-24 | 25-27 || total
---------------------------+-------+-------+-------+-------+-------+-------+-------+-------+-------++-------
  Melee: Club              |     7 |       |       |       |       |       |       |       |       ||     7
         Constrict         |    19 |    23 |    13 |       |       |       |       |       |       ||    55
         Tentacles         |    14 |    20 |    12 |       |       |       |       |       |       ||    46
         Whip              |     4 |       |       |       |       |       |       |       |       ||     4
         Short sword       |    63 |    29 |       |       |       |       |       |       |       ||    92
         Dagger            |       |    75 |    50 |     2 |       |       |       |       |       ||   127
         Punch             |       |     1 |       |       |       |       |       |       |       ||     1
   Fire: Longbow           |       |       |   160 |   545 |  1317 |  1745 |  2018 |  2089 |  2395 || 10269
         Hand cannon       |       |       |       |       |       |       |     5 |       |       ||     5
   Cast: Mephitic Cloud    |       |       |       |       |       |     2 |     1 |       |       ||     3
         Blink             |       |       |       |       |       |     4 |     1 |       |     4 ||     9
         Dispersal         |       |       |       |       |       |       |     4 |       |     5 ||     9
         Dimensional Bulls |       |       |       |       |       |       |     8 |     6 |     7 ||    21
         Passage of Golubr |       |       |       |       |       |       |       |       |     2 ||     2
 Invoke: Finesse           |       |       |       |     5 |    14 |    22 |    13 |    17 |    20 ||    91
         Heroism           |       |       |       |     1 |     5 |     7 |     1 |       |     1 ||    15
         Receive Weapon    |       |       |       |       |       |       |     1 |       |       ||     1
         Receive Armour    |       |       |       |       |       |       |     1 |       |       ||     1
  Evoke: Wand              |     4 |     7 |     4 |     2 |       |     8 |       |     2 |     3 ||    30
         Condenser vane    |       |       |       |       |       |     1 |     2 |     3 |       ||     6
         Phial of floods   |       |       |       |       |       |     1 |     2 |       |       ||     3
    Use: Scroll            |       |     7 |     2 |     9 |     9 |     8 |     8 |     3 |     8 ||    54
         Potion            |       |     1 |     1 |     4 |     4 |       |     1 |     1 |     7 ||    19
   Stab: Sleeping          |    15 |     8 |     4 |     1 |       |       |       |       |       ||    28
         Paralysed         |       |       |     1 |     1 |       |       |       |       |       ||     2
 Armour: Skin              |    21 |    49 |    53 |    37 |    67 |    68 |    99 |   149 |   187 ||   730
  Dodge: Dodged            |    36 |    51 |    98 |    64 |   154 |   215 |   365 |   412 |   452 ||  1847

Table legend: (Time is in decaauts)
 A = Elapsed time spent in this place.
 B = Non-inter-level travel time spent in this place.
 C = Inter-level travel time spent in this place.
 D = Time resting spent in this place.
 E = Time spent auto-exploring this place.
 F = Levels seen in this place.
 G = Mean time per level.
                   A        B        C        D        E       F      G
               +--------+--------+--------+--------+--------+-----+--------+
         Total |  52756 |  46717 |   6039 |   4620 |  27642 |  55 |  959.2 |
       Dungeon |  16683 |  14555 |   2128 |   1850 |   8572 |  15 | 1112.2 |
        Temple |    179 |    162 |     17 |    137 |      0 |   1 |  179.0 |
          Lair |   8177 |   7174 |   1003 |   1393 |   4000 |   5 | 1635.4 |
        Shoals |   3947 |   3813 |    134 |    372 |   2408 |   4 |  986.8 |
     Snake Pit |   3419 |   3074 |    345 |    172 |   2010 |   4 |  854.8 |
    Slime Pits |   1298 |   1217 |     81 |    147 |    250 |   5 |  259.6 |
  Orcish Mines |    888 |    768 |    120 |      0 |    474 |   2 |  444.0 |
   Elven Halls |   3061 |   2885 |    176 |     96 |   2027 |   3 | 1020.3 |
        Vaults |   6668 |   6117 |    551 |    130 |   4125 |   5 | 1333.6 |
        Depths |   4429 |   3635 |    794 |    186 |   2309 |   4 | 1107.2 |
           Zot |   3662 |   2976 |    686 |    136 |   1382 |   5 |  732.4 |
        Bazaar |    219 |    219 |      0 |      0 |     85 |   1 |  219.0 |
      Ice Cave |    121 |    121 |      0 |      0 |      0 |   1 |  121.0 |
               +--------+--------+--------+--------+--------+-----+--------+

Top non-repeatable levels by time:
  Lair:5: 2430 daAuts
  Lair:2: 2011 daAuts
    D:15: 1727 daAuts
     D:4: 1679 daAuts
   Zot:4: 1575 daAuts
   Zot:5: 1480 daAuts
     D:1: 1474 daAuts
Vaults:1: 1419 daAuts
Vaults:2: 1396 daAuts
  Lair:3: 1372 daAuts
  Lair:1: 1338 daAuts
Vaults:3: 1332 daAuts
Vaults:4: 1320 daAuts
Depths:2: 1284 daAuts
     D:6: 1259 daAuts
